 Dungeon Crawl Stone Soup version 0.10.0-32-gfa280cc character file.

4709 Dequiman the Protected (level 10, -10/85 HPs)
             Began as a Minotaur Berserker on May 6, 2012.
             Was a High Priest of Trog.
             Killed from afar by Harold (25 damage)
             ... with a bolt of fire
             ... on Level 1 of the Lair of Beasts.
             The game lasted 01:24:04 (12448 turns).

Dequiman the Protected (Minotaur Berserker)        Turns: 12448, Time: 01:24:04

HP -10/85        AC 15     Str 25      XL: 10   Next: 23%
MP   5/5         EV  6     Int  4      God: Trog [*****.]
Gold 339         SH  0     Dex 10      Spells:  0 memorised, 11 levels left

Res.Fire  : . . .   See Invis. : .   R - +0,+3 sabre (flame) {god gift}
Res.Cold  : . . .   Warding    : . . o - +1 orc plate armour
Life Prot.: . . .   Conserve   : .   (no shield)
Res.Acid. : . . .   Res.Corr.  : .   (helmet restricted)
Res.Poison: .       Clarity    : .   (no cloak)
Res.Elec. : .       Spirit.Shd : .   (no gloves)
Sust.Abil.: . .     Stasis     : .   (no boots)
Res.Mut.  : .       Ctrl.Telep.: .   (no amulet)
Res.Rott. : .       Levitation : .   (no ring)
Saprovore : . . .   Ctrl.Flight: .   e - +7,+4 ring of slaying

@: somewhat resistant to hostile enchantments, extremely unstealthy
A: retaliatory headbutt, horns 2
a: Burn Spellbooks, Berserk, Trog's Hand, Brothers in Arms, Renounce Religion


You were on level 1 of the Lair of Beasts.
You worshipped Trog.
Trog was exalted by your worship.
You were hungry.

You visited 3 branches of the dungeon, and saw 11 of its levels.

You collected 475 gold pieces.
You spent 156 gold pieces at shops.

Inventory:

Hand weapons
 a - a +0,+0 hand axe {=f}
 g - a +0,+1 orcish flail
 i - a +0,+0 dwarven war axe
 k - a -1,-1 eveningstar
 w - a +1,+1 falchion
 x - a +2,+2 vampiric halberd
 y - a +0,+1 orcish hand axe (quivered)
 H - a -1,+1 orcish war axe
 M - a +0,+1 orcish hand axe
 N - a +1,+2 battleaxe
 R - a +0,+3 sabre of flaming (weapon) {god gift}
Armour
 b - a +0 animal skin
 l - a +2 splint mail
 m - a +1 scale mail
 o - a +1 orcish plate armour (worn)
 t - a +2 dwarven visored helmet
 u - a +0 plate armour
 v - a +0 orcish ring mail
 F - a +2 elven ring mail of magic resistance
Magical devices
 P - a wand of fire (11)
Comestibles
 c - a bread ration
 h - 22 grapes
 q - a sausage
 s - a pear
 O - 2 meat rations
 S - a choko
Scrolls
 d - 5 scrolls of remove curse {unknown}
 f - a scroll of teleportation
 r - 3 scrolls of identify
 B - a scroll of immolation {unknown}
 D - a scroll of blinking
 E - a scroll of detect curse {unknown}
 G - a scroll of magic mapping {unknown}
 K - a scroll of enchant weapon I {unknown}
 Q - 2 scrolls of random uselessness {unknown}
Jewellery
 e - a +7,+4 ring of slaying (left hand)
 z - an uncursed ring of fire
 A - a cursed ring of teleportation
Potions
 j - a potion of degeneration
 n - a potion of berserk rage
 p - 2 potions of curing
 I - a potion of restore abilities
 J - a potion of speed
 L - a potion of paralysis {unknown}


   Skills:
 + Level 8,3 Fighting
 + Level 1,9 Short Blades
 + Level 7,9 Axes
 + Level 1,4 Maces & Flails
 + Level 3,0 Throwing
 + Level 10,4 Armour
 + Level 7,5 Dodging
 + Level 3,5 Stealth
 + Level 2,9 Stabbing
 + Level 3,7 Traps & Doors
 + Level 3,1 Unarmed Combat
 + Level 1,0 Spellcasting


You had 11 spell levels left.
You didn't know any spells.

Dungeon Overview and Level Annotations

Branches:
Dungeon (9/27)             Temple (1/1) D:5            Lair (1/8) D:9
    Orc: D:6-11

Altars:
Ashenzari
Cheibriados
Elyvilon
Fedhas
Kikubaaqudgha
Makhleb
Nemelex Xobeh
Okawaru
Sif Muna
The Shining One
Trog
Vehumet
Xom
Yredelemnul
Zin

Shops:
D:7: / D:8: ?([( D:9: *

Annotations
D:8 exclusion: statue
Lair:1 Harold


Innate Abilities, Weirdness & Mutations

You reflexively headbutt those who attack you in melee.
You have a pair of horns on your head.


Message History

Harold shouts!
Harold zaps a wand.
The bolt of cold hits you!
One of your 4 potions of curing freezes and shatters!
You closely miss the jackal. Harold gestures at you while chanting.
The bolt of fire hits you!
* * * LOW HITPOINT WARNING * * *
The jackal bites you but does no damage.
You closely miss the jackal. You headbutt the jackal!
You kill the jackal!
Trog accepts your kill. Harold gestures at you while chanting.
The bolt of fire hits you!
* * * LOW HITPOINT WARNING * * *
Drink which item? (? for menu, Esc to quit)
You feel better.
Harold points at you and mumbles some strange words.
The bolt of fire hits you!
One of your 4 scrolls of identify catches fire!
You die...

# #≈≈≈..###.#.#####.#####..#.
#######≈≈≈#.............# ##....P
≈≈≈≈≈≈≈≈≈.#.h....#####..###......
≈≈≈≈≈≈≈#.##f#....#...#...).......
P.##........#....f.....##.P#.....
#.##..#.....f.................#..
#.#...#..##..###...###.#####...#.
......#................#......P#
......# .f#P###.@#f#####.###P#...
......#...............@..........
......f..#.###......#P#..f###P#..
........... #f......# #P..#####..
.....#....# ##......# #......# #
.....#....# #....... ##.....#
.....#.... #......## #.<...#
####..... f......# #..........
.#... ##.##.## ##........


You could see Harold.

Vanquished Creatures
  A hungry ghost (D:7)
  2 war dogs (D:8)
  Edmund (D:5)
  A phantom (D:5)
  2 ice beasts
  A sky beast (D:7)
  3 orc warriors
  2 giant goldfish
  3 ogres
  4 centaurs
  A yellow wasp zombie (D:6)
  6 giant frogs
  A water moccasin skeleton (D:8)
  4 jellyfish (D:8)
  An electric eel (D:8)
  8 crimson imps
  A quasit (D:7)
  4 big fish (Lair:1)
  2 hound zombies
  6 orc priests
  3 hounds
  3 iguanas
  3 scorpions (D:4)
  2 worker ants
  A hound skeleton (D:5)
  2 orc wizards
  13 gnolls
  6 adders
  A giant centipede (Lair:1)
  2 adder skeletons
  6 giant mites
  2 worms
  7 giant geckos
  An ooze (D:2)
  36 orcs
  A ball python (D:1)
  26 bats
  11 giant cockroaches
  13 goblins
  23 hobgoblins
  9 jackals
  23 kobolds
  3 quokkas
  9 giant newts
  An orc zombie (D:9)
  10 rats
  A plant (D:7)
  A toadstool (D:6)
273 creatures vanquished.

Vanquished Creatures (collateral kills)
  Grum (D:8)
  2 war dogs (D:8)
3 creatures vanquished.

Vanquished Creatures (others)
  An orc wizard (D:9)
  A human (D:6)
  A kobold (D:8)
  2 fungi (D:4)
  10 toadstools
15 creatures vanquished.

Grand Total: 291 creatures vanquished

Notes
Turn   | Place    | Note
--------------------------------------------------------------
     0 | D:1      | Dequiman, the Minotaur Berserker, began the quest for the Orb.
     0 | D:1      | Reached XP level 1. HP: 19/19 MP: 0/0
   180 | D:1      | Reached skill level 4 in Fighting
   460 | D:1      | Reached XP level 2. HP: 27/27 MP: 0/0
  1001 | D:2      | Reached XP level 3. HP: 33/33 MP: 1/1
  1248 | D:2      | Acquired Trog's second power
  1603 | D:3      | Reached XP level 4. HP: 40/40 MP: 1/1
  1631 | D:3      | Reached skill level 7 in Fighting
  1631 | D:3      | Reached skill level 5 in Armour
  1631 | D:3      | Reached skill level 1 in Spellcasting
  1631 | D:3      | Reached XP level 5. HP: 18/48 MP: 1/2
  1639 | D:3      | HP: 2/48 [poisoned by a kobold]
  1649 | D:3      | HP: 2/48 [poisoned by a kobold]
  1654 | D:3      | HP: 1/48 [poisoned by a kobold]
  2365 | D:3      | Reached skill level 5 in Dodging
  2419 | D:3      | Reached XP level 6. HP: 11/56 MP: 3/3
  3167 | D:4      | Reached skill level 1 in Maces & Flails
  3913 | D:5      | Entered Level 5 of the Dungeon
  3913 | D:5      | Noticed Edmund
  3928 | D:5      | Killed Edmund
  3928 | D:5      | Reached XP level 7. HP: 54/62 MP: 3/3
  4069 | D:5      | Found a staircase to the Ecumenical Temple.
  4265 | D:5      | Acquired Trog's third power
  4278 | Temple   | Entered the Ecumenical Temple
  5109 | D:6      | HP: 2/62 [orc/runed orcish dagger (2)]
  5164 | D:6      | HP: 3/62 [ogre/giant spiked club (7)]
  5874 | D:6      | Reached XP level 8. HP: 51/70 MP: 4/4
  7128 | D:6      | HP: 2/70 [orc priest/divine providence (9)]
  7648 | D:7      | Found Sebraywu's Magical Wand Boutique.
  8015 | D:7      | Reached XP level 9. HP: 77/77 MP: 5/5
  8234 | D:7      | Reached skill level 8 in Armour
  9192 | D:6      | Found an ancient bone altar of Kikubaaqudgha.
 10074 | D:8      | Found Pnaa's Antique Weapon Emporium.
 10129 | D:8      | Bought a glowing battleaxe for 156 gold pieces
 10293 | D:8      | Found Wuddamm's Magic Scroll Emporium.
 10295 | D:8      | Found an iron altar of Okawaru.
 10347 | D:8      | Noticed Grum
 10358 | D:8      | Reached skill level 9 in Armour
 10358 | D:8      | Killed Grum
 10370 | D:8      | Found Mitoj's Armour Shoppe.
 10380 | D:8      | Found Fulont's Antique Weapon Boutique.
 10391 | D:8      | Received a gift from Trog
 11261 | D:9      | Reached XP level 10. HP: 82/85 MP: 5/5
 11274 | D:9      | Found a staircase to the Lair.
 11284 | D:9      | Reached skill level 1 in Short Blades
 11287 | D:9      | Reached skill level 10 in Armour
 11382 | D:9      | Found a bloodstained altar of Trog.
 11556 | D:9      | Found Ejygaergh's Assorted Antiques.
 12014 | Lair:1   | Entered Level 1 of the Lair of Beasts
 12420 | Lair:1   | Noticed Harold
 12448 | Lair:1   | Killed from afar by Harold
